 Dungeon Crawl Stone Soup version 0.29-a0-356-g7bc237e783 (webtiles) character file.

Game seed: 13463674935595118857

77 jlumianski the Skirmisher (level 4, -7/37 HPs)
             Began as a Demonspawn Fighter on Apr 26, 2022.
             Mangled by a gnoll
             ... wielding a +0 halberd
              (15 damage)
             ... on level 3 of the Dungeon.
             The game lasted 00:05:00 (2167 turns).

jlumianski the Skirmisher (Demonspawn Fighter)      Turns: 2167, Time: 00:05:01

Health: -7/37      AC:  6    Str: 18    XL:     4   Next: 14%
Magic:  4/4        EV:  9    Int:  9    God:
Gold:   128        SH:  4    Dex: 13    Spells: 3/3 levels left

rFire   . . .      SeeInvis .   a - +0 war axe
rCold   . . .      Faith    .   c - +0 buckler
rNeg    . . .      Spirit   .   b - +0 scale mail
rPois   .          Reflect  .   (no helmet)
rElec   .          Harm     .   (no cloak)
rCorr   .          Rampage  .   (no gloves)
Will    +....                   (no boots)
Stlth   ..........              (no amulet)
HPRegen 0.12/turn               j - ring of willpower
MPRegen 0.09/turn               (no ring)

@: mighty, lethally poisoned (-7 -> -18)
A: claws 1, foul stench 1
a: no special abilities


You were on level 3 of the Dungeon.
You visited 1 branch of the dungeon, and saw 3 of its levels.

You collected 128 gold pieces.

Inventory:

Hand Weapons
 a - a +0 war axe (weapon)
Missiles
 h - 65 stones (quivered)
 q - 11 poisoned darts
Armour
 b - a +0 scale mail (worn)
 c - a +0 buckler (worn)
Jewellery
 j - a ring of willpower (left claw)
 m - a ring of ice
Wands
 o - a wand of paralysis (10)
Scrolls
 e - 2 scrolls of fear {unknown}
 f - a scroll of noise {unknown}
 g - a scroll of teleportation {unknown}
 i - 4 scrolls of identify {unknown}
 k - 2 scrolls of acquirement {unknown}
 n - 3 scrolls of holy word {unknown}
 p - a scroll of silence {unknown}
 r - a scroll of amnesia {unknown}
Potions
 d - a potion of might
 l - a potion of ambrosia {unknown}
 s - a potion of magic {unknown}
 t - a potion of mutation {unknown}
 u - a potion of cancellation {unknown}


   Skills:
 + Level 3.7 Fighting
 + Level 2.5 Axes
 + Level 3.1 Armour
 + Level 0.8 Dodging
 + Level 3.0 Shields


You had 3 spell levels left.
You didn't know any spells.
Your spell library contained the following spells:

 Spells                   Type           Power      Damage    Failure   Level
 Animate Skeleton         Necr           0%         N/A       86%         1
 Pain                     Necr           0%         1d4       86%         1
 Ensorcelled Hibernation  Hex/Ice        0%         N/A       94%         2
 Passwall                 Tmut/Erth      0%         N/A       94%         2
 Swiftness                Air            0%         N/A       99%         3
 Tukima's Dance           Hex            0%         N/A       99%         3
 Vampiric Draining        Necr           0%         2d6       99%         3
 Anguish                  Hex/Necr       0%         N/A       100%        4
 Enfeeble                 Hex            0%         N/A       100%        7


Dungeon Overview and Level Annotations

Branches:
Dungeon (3/15)

Altars:


Innate Abilities, Weirdness & Mutations

You have sharp fingernails.
You may rarely emit foul miasma when damaged in melee.


Message History

A gnoll comes into view. It is wielding a +0 halberd.
An orc comes into view.
It is wielding a +0 flail and wearing the +1 robe of Cowardice {rF- rN++ rCorr Int-2}.
You closely miss the gnoll. You block the gnoll's attack.
You closely miss the gnoll. You slash the gnoll! The gnoll closely misses you.
You block the gnoll's attack. The gnoll barely misses you.
You block the gnoll's attack.
You slash the gnoll!
The gnoll is severely wounded.
You slash the gnoll!
You kill the gnoll!
An orc comes into view. It is wielding a +0 spear.
The adder bites you but does no damage. The gnoll barely misses you.
Your Armour skill increases to level 3!
You have reached level 4!
You feel agile.
Your demonic ancestry asserts itself...
Your fingernails lengthen.
The adder barely misses you. The gnoll barely misses you.
The gnoll closely misses you. The orc barely misses you.
The gnoll closely misses you. The adder closely misses you.
You closely miss the adder. You hit the gnoll.
You kill the gnoll!
You slash the gnoll! x2; The gnoll hits you with a +0 halberd!
The gnoll hits you with a +0 whip. You block the orc's attack.
The adder bites you but does no damage. The gnoll hits you but does no damage.
The gnoll hits you with a +0 halberd. The orc barely misses you.
Unknown command.
You closely miss the adder. You barely miss the gnoll. x2
The adder bites you.
You are poisoned.
The adder poisons you! The adder bites you.
You are lethally poisoned!
The adder poisons you! The gnoll hits you but does no damage.
The gnoll hits you with a +0 whip.
* * * LOW HITPOINT WARNING * * *
You block the orc's attack.
You feel very mighty all of a sudden.
* * * LOW HITPOINT WARNING * * *
You feel very sick. The adder bites you but does no damage.
The gnoll hits you with a +0 halberd!
You die...

## #.. ##.# ... .....
#.# ..... #.#
..#...#.# ......#.#
......gS## #og@.#
.....o##)# .......##.#
##..#...##.#####
#...##.......##.....#
#.#.#..#.....######.##
..............## #..#
# ..............####.#
..##...#...........#
#.#


You could see 2 gnolls, an adder and 2 orcs.

Vanquished Creatures
  2 gnolls (D:3)
  A worm (D:3)
  A dart slug (D:1)
  2 bats (D:2)
  4 endoplasms
  2 giant cockroaches
  10 goblins
  9 hobgoblins
  2 kobolds
  2 quokkas (D:1)
  6 ball pythons
  A frilled lizard (D:2)
  2 rats (D:1)
44 creatures vanquished.

Vanquished Creatures (others)
  A plant (D:1)
1 creature vanquished.

Grand Total: 45 creatures vanquished

Notes
Turn   | Place    | Note
-------+----------+-------------------------------------------
     0 | D:1      | jlumianski the Demonspawn Fighter began the quest for the
                  | Orb.
     0 | D:1      | Reached XP level 1. HP: 18/18 MP: 1/1
    64 | D:1      | Found a faded altar of an unknown god.
   133 | D:1      | Gained mutation: You may rarely emit foul miasma when
                  | damaged in melee. [demonic ancestry]
   133 | D:1      | Reached XP level 2. HP: 24/24 MP: 2/2
  1029 | D:2      | Reached XP level 3. HP: 27/29 MP: 3/3
  2160 | D:3      | Identified the +1 robe of Cowardice {rF- rN++ rCorr Int-2}
  2164 | D:3      | Gained mutation: You have sharp fingernails. [demonic
                  | ancestry]
  2164 | D:3      | Reached XP level 4. HP: 37/37 MP: 4/4
  2167 | D:3      | Mangled by a gnoll

Illustrated notes

Levels and vault maps discovered:
D:1:      heliophobic_arrival_dark_side_of_the_moon, layout_basic,
          dreamdust_ecumenical_altar_grove, chequers_serial_rivers_small_a
D:2:      cheibrodos_greedy_goblins, layout_loops_ring, serial_co_window_serial,
          co_window_paths_a, co_window_paths_a, co_window_paths_a,
          co_window_corner_a, co_window_corner_a, co_window_cross_4,
          co_window_cross_4, co_window_unsneaky_path_c, co_window_corner_cb,
          co_window_broadway_a, co_window_of_opportunity_b, co_window_corner_cb,
          co_window_paths_d, glass_columns_a, glass_columns_a, glass_columns_a,
          chequers_serial_rivers_room_a
D:3:      layout_rooms

Skill      XL: |  1  2  3 |
---------------+----------+-----
Shields        | 3 |  3.0
Axes           | 2 |  2.5
Armour         | 3 |  3.1
Fighting       | |  3.7
Dodging        | |  0.8

Action                   |  1- 3 |  4- 6 || total
-------------------------+-------+-------++-------
Melee: War axe           |    91 |     2 ||    93
  Use: Potion            |       |     1 ||     1
Armor: Scale mail        |    32 |     4 ||    36
Dodge: Dodged            |    46 |     7 ||    53
Block: Buckler           |    23 |     2 ||    25

Table legend: (Time is in decaauts)
 A = Elapsed time spent in this place.
 B = Non-inter-level travel time spent in this place.
 C = Inter-level travel time spent in this place.
 D = Time resting spent in this place.
 E = Time spent auto-exploring this place.
 F = Levels seen in this place.
 G = Mean time per level.
                   A        B        C        D        E       F      G
               +--------+--------+--------+--------+--------+-----+--------+
         Total |   2211 |   2145 |     66 |      0 |   1392 |   3 |  737.0 |
       Dungeon |   2211 |   2145 |     66 |      0 |   1392 |   3 |  737.0 |
               +--------+--------+--------+--------+--------+-----+--------+

Top non-repeatable levels by time:
     D:2: 1321 daAuts
     D:1: 792 daAuts
     D:3: 97 daAuts
